 Dungeon Crawl Stone Soup version 0.31-a0-37-g98a128e1d9 (webtiles) character file.

Game seed: 16491450328131840580

65 pk666 the Magician (level 3, -4/19 HPs)
             Began as a Deep Elf Hedge Wizard on May 15, 2023.
             Slain by Terence
             ... wielding a +0 short sword
              (7 damage)
             ... on level 3 of the Dungeon.
             The game lasted 00:03:30 (2198 turns).

pk666 the Magician (Deep Elf Hedge Wizard)          Turns: 2198, Time: 00:03:30

Health: -4/19      AC:  2    Str:  7    XL:     3   Next: 94%
Magic:  1/12       EV: 12    Int: 26    God:
Gold:   84         SH:  0    Dex: 14    Spells: 7/13 levels left

rFire   . . .        h - +2 dagger (venom)
rCold   . . .        (no shield)
rNeg    . . .        b - +0 robe
rPois   .            c - +0 hat
rElec   .            (no cloak)
rCorr   +            (no gloves)
SInv    .            (no boots)
Will    .....        (no amulet)
Stlth   ++           j - ring of resist corrosion
HPRegen 0.23/turn    o - +6 ring of intelligence
MPRegen 0.13/turn

%: no passive effects
@: no status effects
A: no striking features
a: no special abilities


You were on level 3 of the Dungeon.
You visited 1 branch of the dungeon, and saw 3 of its levels.

You collected 84 gold pieces.

Inventory:

Hand Weapons
 h - a +2 dagger of venom (weapon)
Armour
 b - a +0 robe (worn)
 c - a +0 hat (worn)
Jewellery
 j - a ring of resist corrosion (left hand)
 m - a +6 ring of dexterity
 o - a +6 ring of intelligence (right hand)
Scrolls
 a - 2 scrolls of fog {unknown}
 e - a scroll of identify {unknown}
 f - a scroll of enchant armour {unknown}
 g - a scroll of noise {unknown}
 n - a scroll of summoning {unknown}
Potions
 d - a potion of magic
 i - 3 potions of curing {unknown}
 k - a potion of ambrosia {unknown}
 l - a potion of lignification {unknown}


   Skills:
 - Level 2.4 Dodging
 - Level 2.4 Stealth
 + Level 5.5 Spellcasting
 + Level 2.7 Conjurations
 - Level 1.1 Summonings
 - Level 2.0 Translocations


You had 7 spell levels left.
You knew the following spells:

 Your Spells              Type           Power      Damage    Failure   Level
a - Magic Dart            Conj           84%        1d7       2%          1
b - Blink                 Tloc           34%        N/A       4%          2
c - Mephitic Cloud        Conj/Pois/Air  11%        N/A       16%         3

Your spell library contained the following spells:

 Spells                   Type           Power      Damage    Failure   Level
 Call Imp                 Summ           24%        N/A       7%          2
 Slow                     Hex            28%        N/A       8%          1
 Cigotuvi's Dreadful Rot  Necr/Pois/Air  14%        N/A       11%         2


Dungeon Overview and Level Annotations

Branches:
Dungeon (3/15)

Altars:

Annotations:
D:3 Terence


Message History

Confirm with . or Enter, or press ? or * to list all spells.
Aiming: Magic Dart (safe; 2% risk of failure)
Press: ? - help, Shift-Dir - straight line, f/p - Terence
Aim: Terence, wielding a +0 short sword and wearing a +0 scale mail (almost dead, unusually resistant, 100% to hit)
The magic dart hits Terence but does no damage.
Terence is almost dead.
Terence hits you with a +0 short sword.
Casting: Magic Dart (safe; 2% risk of failure)
Confirm with . or Enter, or press ? or * to list all spells.
Aiming: Magic Dart (safe; 2% risk of failure)
Press: ? - help, Shift-Dir - straight line, f/p - Terence
Aim: Terence, wielding a +0 short sword and wearing a +0 scale mail (almost dead, unusually resistant, 100% to hit)
The magic dart hits Terence.
Terence is almost dead.
Terence barely misses you.
Casting: Magic Dart (safe; 2% risk of failure)
Confirm with . or Enter, or press ? or * to list all spells.
You don't have enough magic to cast this spell.
Unknown command.
You hit Terence but do no damage.
Terence is almost dead.
Terence hits you but does no damage.
You hit Terence but do no damage.
Terence is almost dead.
Terence hits you with a +0 short sword.
You barely miss Terence.
Terence is almost dead.
Terence hits you with a +0 short sword.
* * * LOW HITPOINT WARNING * * *
You hit Terence but do no damage.
Terence is almost dead.
Terence hits you with a +0 short sword.
* * * LOW HITPOINT WARNING * * *
Casting: Magic Dart (safe; 2% risk of failure)
Confirm with . or Enter, or press ? or * to list all spells.
You don't have enough magic to cast this spell.
You barely miss Terence.
Terence is almost dead.
Terence hits you with a +0 short sword!
You die...

.........#'######
########.#.#
#.#.########
[########.#.........
........#.#..#.#####
##########.#.#....###
.........#'#.#.>....#
########.....#..###.###
#
#####.....#.@).....#.##
...#.)...#..@.........
####.#.....#............
#.......##.#............
#.......##.#..###.##....
#.......##.#..# .......
####†#####.#..# ###..
##.### #.#... ... #....#
#.#..# @.


You could see Terence (resistant).

Vanquished Creatures
  An adder (D:2)
  A worm (D:2)
  3 dart slugs
  6 endoplasms
  A giant cockroach (D:3)
  3 goblins
  6 hobgoblins
  3 jackals (D:2)
  A quokka (D:2)
  7 ball pythons
  4 bats
  2 frilled lizards
  4 kobolds (D:1)
  3 rats (D:1)
45 creatures vanquished.

Notes
Turn   | Place    | Note
-------+----------+-------------------------------------------
     0 | D:1      | pk666 the Deep Elf Hedge Wizard began the quest for the
                  | Orb.
     0 | D:1      | Reached XP level 1. HP: 10/10 MP: 7/7
   178 | D:1      | Reached XP level 2. HP: 15/15 MP: 1/9
   751 | D:1      | Reached skill level 5 in Spellcasting
   763 | D:1      | Reached XP level 3. HP: 19/19 MP: 5/11
   766 | D:1      | Learned a level 2 spell: Blink
   770 | D:1      | Learned a level 3 spell: Mephitic Cloud
  2175 | D:3      | Noticed Terence
  2198 | D:3      | Slain by Terence

Illustrated notes

Levels and vault maps discovered:
D:1:      minmay_arrival_four_circles, layout_rooms
D:2:      layout_basic
D:3:      layout_basic, mainiacjoe_overflow_cross_hatched,
          shapermc_ecumenical_altar_pompeii, uniq_terence

Skill      XL: |  1  2 |
---------------+-------+-----
Translocations | 2 |  2.0
Conjurations   | 2 |  2.7
Spellcasting   | 5 |  5.5
Dodging        | |  2.4
Stealth        | |  2.4
Summonings     | |  1.1

Action                     || total
---------------------------++-------
  Melee: Dagger            ||    11
   Cast: Magic Dart        ||   134
 Armour: Robe              ||     9
  Dodge: Dodged            ||    19

Table legend: (Time is in decaauts)
 A = Elapsed time spent in this place.
 B = Non-inter-level travel time spent in this place.
 C = Inter-level travel time spent in this place.
 D = Time resting spent in this place.
 E = Time spent auto-exploring this place.
 F = Levels seen in this place.
 G = Mean time per level.
                   A        B        C        D        E       F      G
               +--------+--------+--------+--------+--------+-----+--------+
         Total |   2195 |   2139 |     56 |    335 |   1549 |   3 |  731.7 |
       Dungeon |   2195 |   2139 |     56 |    335 |   1549 |   3 |  731.7 |
               +--------+--------+--------+--------+--------+-----+--------+

Top non-repeatable levels by time:
     D:2: 1011 daAuts
     D:1: 998 daAuts
     D:3: 184 daAuts
